General information
- name: BNet
- type: Ladder team game (AT/RT)
- host: Battle.net
- saver: DIVIDEETIMPERA
map: MarketSquare
- players: 8
- length: 68:07
- speed: Fast
- version: 1.28 W3XP
- replay type: Public
» download(555 KB)
Players
team 1 (loser)
Asar (
yellow | 60 APM | 1643 actions | 27:21)
5 Death Knight
3 Death Coil
1 Unholy Aura
1 Death Pact
5 Lich
3 Frost Nova
2 Frost Armor
3 Crypt Lord
1 Impale
2 Spiked Carapace
» actions
| Assign group hotkey | 35 | |
| Basic commands | 10 | |
| Build / train | 65 | |
| ESC pressed | 1 | |
| Enter build submenu | 16 | |
| Enter hero's abilities submenu | 13 | |
| Give item / drop item | 4 | |
| Remove unit from queue | 1 | |
| Right click | 490 | |
| Select / deselect | 346 | |
| Select group hotkey | 568 | |
| Use ability | 94 | |
1643 total
» units
| Acolyte | 5 | |
| Ghoul | 3 | |
| Crypt Fiend | 12 | |
| Obsidian Statue | 8 | |
28 total
» upgrades
| Web | 1 | |
| Creature Attack | 2 | |
| Creature Carapace | 2 | |
| Destroyer Form | 1 | |
6 total
» buildings
| Crypt | 1 | |
| Ziggurat | 8 | |
| Graveyard | 1 | |
| Halls of the Dead | 2 | |
| Altar of Darkness | 1 | |
| Tomb of Relics | 1 | |
| Nerubian Tower | 1 | |
| Black Citadel | 1 | |
| Slaughterhouse | 1 | |
| Sacrificial Pit | 1 | |
| Boneyard | 1 | |
| Spirit Tower | 2 | |
21 total
» build order
00:22 Crypt
00:32 Ziggurat
00:45 Graveyard
02:12 Halls of the Dead
02:12 Halls of the Dead
02:29 Altar of Darkness
02:44 Tomb of Relics
02:50 Ziggurat
02:53 Ziggurat
02:57 Nerubian Tower
03:16 Ziggurat
05:18 Black Citadel
05:51 Slaughterhouse
06:55 Ziggurat
09:01 Sacrificial Pit
09:30 Ziggurat
12:11 Ziggurat
14:27 Boneyard
14:30 Ziggurat
14:43 Spirit Tower
14:48 Spirit Tower
» items
| Rod of Necromancy | 3 | |
| Orb of Corruption | 2 | |
| Scroll of Town Portal | 2 | |
| Potion of Lesser Invulnerability | 1 | |
8 total
GinNJuice (
purple | 49 APM | 3360 actions | 68:06)
10 Blademaster
3 Wind Walk
3 Critical Strike
1 Bladestorm
3 Mirror Image
» actions
| Assign group hotkey | 23 | |
| Basic commands | 133 | |
| Build / train | 66 | |
| Enter build submenu | 84 | |
| Enter hero's abilities submenu | 10 | |
| Give item / drop item | 4 | |
| Right click | 1961 | |
| Select / deselect | 532 | |
| Select group hotkey | 256 | |
| Use ability | 291 | |
3360 total
» units
» upgrades
| Reinforced Defenses | 1 | |
| Envenomed Spears | 1 | |
| Liquid Fire | 1 | |
| Armor | 3 | |
| Ranged Weapons | 3 | |
| Ensnare | 1 | |
| Spiked Barricades | 1 | |
11 total
» buildings
| Orc Burrow | 6 | |
| Altar of Storms | 1 | |
| Barracks | 1 | |
| Voodoo Lounge | 2 | |
| Stronghold | 1 | |
| War Mill | 1 | |
| Great Hall | 5 | |
| Fortress | 1 | |
| Watch Tower | 66 | |
| Beastiary | 4 | |
88 total
» build order
00:16 Orc Burrow
01:04 Orc Burrow
01:09 Altar of Storms
01:12 Barracks
02:14 Voodoo Lounge
03:03 Stronghold
04:01 Orc Burrow
04:10 War Mill
05:37 Great Hall
07:53 Fortress
08:48 Watch Tower
08:48 Watch Tower
08:48 Watch Tower
08:49 Watch Tower
09:14 Beastiary
09:15 Beastiary
09:16 Beastiary
09:17 Beastiary
10:27 Watch Tower
10:28 Watch Tower
10:30 Watch Tower
11:16 Watch Tower
11:16 Watch Tower
11:17 Watch Tower
11:21 Watch Tower
12:04 Watch Tower
12:13 Watch Tower
12:13 Watch Tower
14:27 Watch Tower
14:27 Watch Tower
14:30 Watch Tower
14:30 Watch Tower
14:44 Watch Tower
15:36 Watch Tower
15:36 Watch Tower
15:38 Watch Tower
16:55 Watch Tower
16:56 Watch Tower
16:57 Watch Tower
20:57 Watch Tower
20:57 Watch Tower
21:01 Watch Tower
21:01 Watch Tower
21:04 Watch Tower
27:29 Watch Tower
27:30 Watch Tower
27:30 Watch Tower
27:31 Watch Tower
27:31 Watch Tower
28:17 Watch Tower
28:19 Watch Tower
28:21 Watch Tower
28:22 Watch Tower
29:11 Great Hall
29:25 Watch Tower
29:25 Watch Tower
29:25 Watch Tower
29:26 Watch Tower
29:34 Voodoo Lounge
29:37 Watch Tower
29:41 Watch Tower
29:45 Watch Tower
29:50 Watch Tower
29:51 Watch Tower
29:53 Watch Tower
30:02 Watch Tower
30:42 Watch Tower
30:43 Watch Tower
30:43 Watch Tower
30:44 Watch Tower
30:46 Watch Tower
30:46 Watch Tower
30:47 Watch Tower
30:50 Watch Tower
30:51 Watch Tower
30:52 Watch Tower
30:52 Watch Tower
30:54 Watch Tower
30:55 Watch Tower
31:00 Orc Burrow
31:02 Orc Burrow
31:06 Orc Burrow
45:24 Great Hall
45:45 Watch Tower
45:46 Watch Tower
45:47 Watch Tower
46:00 Great Hall
55:42 Great Hall
» items
| Healing Salve | 3 | |
| Potion of Healing | 3 | |
| Potion of Mana | 2 | |
| Lesser Clarity Potion | 1 | |
| Scroll of Town Portal | 3 | |
| Orb of Lightning | 1 | |
| Periapt of Vitality | 2 | |
| Dust of Appearance | 1 | |
16 total
knoob (
green | 58 APM | 1424 actions | 24:26)
6 Archmage
3 Summon Water Elemental
1 Brilliance Aura
1 Blizzard
1 Mass Teleport
2 Mountain King
1 Storm Bolt
1 Thunder Clap
» actions
| Assign group hotkey | 23 | |
| Basic commands | 110 | |
| Build / train | 73 | |
| Enter build submenu | 34 | |
| Enter hero's abilities submenu | 8 | |
| Give item / drop item | 7 | |
| Right click | 439 | |
| Select / deselect | 283 | |
| Select group hotkey | 371 | |
| Use ability | 76 | |
1424 total
» units
| Peasant | 14 | |
| Footman | 7 | |
| Gryphon Rider | 5 | |
26 total
» upgrades
| Swords | 2 | |
| Armor | 3 | |
| Lumber Harvesting | 2 | |
| Storm Hammers | 1 | |
| Animal War Training | 1 | |
9 total
» buildings
| Farm | 13 | |
| Altar of Kings | 1 | |
| Barracks | 2 | |
| Scout Tower | 11 | |
| Arcane Tower | 2 | |
| Arcane Vault | 1 | |
| Lumber Mill | 1 | |
| Town Hall | 1 | |
| Guard Tower | 7 | |
| Keep | 2 | |
| Blacksmith | 1 | |
| Castle | 1 | |
| Gryphon Aviary | 3 | |
46 total
» build order
00:20 Farm
00:25 Farm
00:37 Altar of Kings
00:51 Barracks
01:38 Scout Tower
01:54 Farm
02:06 Arcane Tower
02:17 Arcane Vault
02:38 Farm
03:02 Lumber Mill
04:10 Scout Tower
04:31 Town Hall
04:34 Scout Tower
04:36 Scout Tower
04:38 Scout Tower
04:40 Scout Tower
04:56 Guard Tower
05:05 Guard Tower
05:17 Barracks
05:31 Farm
05:36 Farm
05:40 Guard Tower
05:46 Scout Tower
05:54 Scout Tower
06:05 Guard Tower
06:16 Guard Tower
06:30 Scout Tower
06:45 Guard Tower
06:48 Keep
07:01 Arcane Tower
07:23 Blacksmith
07:28 Scout Tower
07:34 Scout Tower
08:32 Guard Tower
09:30 Castle
10:24 Gryphon Aviary
11:01 Gryphon Aviary
11:05 Gryphon Aviary
11:12 Farm
11:14 Farm
11:15 Farm
12:46 Farm
13:42 Farm
13:42 Farm
13:43 Farm
20:56 Keep
» items
| Scroll of Regeneration | 4 | |
| Potion of Lesser Invulnerability | 1 | |
| Scroll of Healing | 1 | |
| Potion of Healing | 4 | |
| Scroll of Town Portal | 5 | |
| Orb of Fire | 1 | |
16 total
fenixc (
orange | 43 APM | 2908 actions | 67:34)
7 Far Seer
3 Feral Spirit
3 Chain Lighting
1 Earth Quake
5 Tauren Chieftain
3 Endurance Aura
2 War Stomp
» actions
| Basic commands | 43 | |
| Build / train | 162 | |
| Enter build submenu | 48 | |
| Enter hero's abilities submenu | 12 | |
| Give item / drop item | 2 | |
| Remove unit from queue | 3 | |
| Right click | 1837 | |
| Select / deselect | 591 | |
| Use ability | 209 | |
2908 total
» units
| Peon | 20 | |
| Grunt | 2 | |
| Troll Headhunter/Berserker | 31 | |
| Shaman | 15 | |
| Tauren | 15 | |
| Forest Troll High Priest | 1 | |
| Crypt Fiend | 6 | |
| Abomination | 5 | |
95 total
» upgrades
| Melee Weapons | 1 | |
| Armor | 1 | |
| Ranged Weapons | 3 | |
| Shaman Training | 2 | |
| Berserker Upgrade | 1 | |
| Reinforced Defenses | 1 | |
| Pulverize | 1 | |
| Spiked Barricades | 1 | |
11 total
» buildings
| Orc Burrow | 9 | |
| Altar of Storms | 1 | |
| Barracks | 1 | |
| War Mill | 1 | |
| Voodoo Lounge | 1 | |
| Watch Tower | 26 | |
| Stronghold | 3 | |
| Fortress | 1 | |
| Spirit Lodge | 1 | |
| Tauren Totem | 2 | |
| Great Hall | 2 | |
| Beastiary | 2 | |
50 total
» build order
00:23 Orc Burrow
00:48 Altar of Storms
01:09 Barracks
01:39 Orc Burrow
01:57 War Mill
02:40 Voodoo Lounge
03:14 Watch Tower
04:00 Watch Tower
04:36 Watch Tower
04:46 Stronghold
04:47 Stronghold
06:17 Orc Burrow
07:07 Fortress
07:10 Spirit Lodge
08:11 Orc Burrow
09:29 Tauren Totem
09:33 Tauren Totem
12:36 Orc Burrow
19:28 Great Hall
22:45 Great Hall
22:53 Watch Tower
23:01 Watch Tower
23:03 Watch Tower
24:56 Watch Tower
25:02 Watch Tower
26:21 Watch Tower
32:23 Watch Tower
34:39 Watch Tower
35:43 Orc Burrow
35:48 Watch Tower
36:36 Watch Tower
36:41 Watch Tower
37:25 Watch Tower
38:48 Watch Tower
40:28 Watch Tower
40:32 Orc Burrow
40:56 Watch Tower
41:29 Watch Tower
42:15 Watch Tower
42:20 Watch Tower
42:33 Watch Tower
44:30 Watch Tower
46:15 Watch Tower
47:59 Orc Burrow
48:36 Stronghold
49:31 Orc Burrow
53:09 Watch Tower
53:16 Watch Tower
53:45 Beastiary
53:48 Beastiary
» items
| Healing Salve | 7 | |
| Lesser Clarity Potion | 9 | |
| Periapt of Vitality | 2 | |
| Potion of Lesser Invulnerability | 2 | |
| Scroll of Town Portal | 5 | |
| Potion of Mana | 1 | |
| Orb of Corruption | 1 | |
| Potion of Healing | 1 | |
| Scroll of Speed | 1 | |
29 total
team 2 (winner)

»
l3gendarycoyot3 (
red | 39 APM | 2287 actions | 59:03)
5 Mountain King
3 Storm Bolt
2 Bash
2 Paladin
1 Holy Light
1 Devotion Aura
» actions
| Basic commands | 254 | |
| Build / train | 107 | |
| Enter build submenu | 28 | |
| Enter hero's abilities submenu | 7 | |
| Remove unit from queue | 1 | |
| Right click | 1402 | |
| Select / deselect | 407 | |
| Use ability | 78 | |
2287 total
» units
| Peasant | 29 | |
| Rifleman | 21 | |
| Mortar Team | 13 | |
| Siege Engine | 4 | |
67 total
» upgrades
| Gunpowder | 3 | |
| Armor | 2 | |
| Masonry | 1 | |
| Long Rifles | 1 | |
| Lumber Harvesting | 1 | |
| Flare | 1 | |
| Fragmentation Shards | 1 | |
| Barrage | 1 | |
11 total
» buildings
| Altar of Kings | 1 | |
| Farm | 13 | |
| Barracks | 2 | |
| Blacksmith | 1 | |
| Arcane Vault | 1 | |
| Lumber Mill | 1 | |
| Scout Tower | 5 | |
| Guard Tower | 2 | |
| Arcane Tower | 1 | |
| Keep | 1 | |
| Town Hall | 1 | |
| Castle | 1 | |
| Workshop | 2 | |
32 total
» build order
00:20 Altar of Kings
00:35 Farm
00:51 Barracks
01:14 Farm
01:53 Blacksmith
02:04 Farm
02:16 Arcane Vault
02:56 Farm
03:23 Barracks
03:46 Farm
04:54 Farm
05:05 Lumber Mill
05:12 Scout Tower
05:42 Scout Tower
05:44 Farm
06:07 Scout Tower
06:38 Guard Tower
06:41 Scout Tower
06:43 Farm
07:20 Scout Tower
07:23 Farm
07:25 Guard Tower
07:52 Arcane Tower
07:59 Farm
10:04 Keep
10:18 Town Hall
10:36 Farm
12:30 Castle
12:36 Workshop
12:38 Workshop
12:45 Farm
15:32 Farm
» items
| Scroll of Regeneration | 3 | |
| Lesser Clarity Potion | 5 | |
| Scroll of Town Portal | 4 | |
| Potion of Healing | 1 | |
| Potion of Mana | 1 | |
14 total
DIVIDEETIMPERA (
teal | 108 APM | 7331 actions | 68:07)
9 Archmage
3 Summon Water Elemental
3 Brilliance Aura
1 Mass Teleport
2 Blizzard
9 Mountain King
3 Storm Bolt
3 Bash
1 Avatar
2 Thunder Clap
9 Goblin Alchemist
3 Chemical Rage
3 Acid Bomb
1 Transmute
2 Healing Spray
» actions
| Assign group hotkey | 113 | |
| Basic commands | 292 | |
| Build / train | 232 | |
| ESC pressed | 4 | |
| Enter build submenu | 63 | |
| Enter hero's abilities submenu | 28 | |
| Give item / drop item | 6 | |
| Remove unit from queue | 1 | |
| Right click | 2422 | |
| Select / deselect | 1048 | |
| Select group hotkey | 2468 | |
| Use ability | 654 | |
7331 total
» units
| Peasant | 17 | |
| Footman | 3 | |
| Rifleman | 22 | |
| Priest | 8 | |
| Sorceress | 9 | |
| Spell Breaker | 8 | |
67 total
» upgrades
| Gunpowder | 3 | |
| Long Rifles | 1 | |
| Masonry | 3 | |
| Armor | 3 | |
| Lumber Harvesting | 1 | |
| Plating | 4 | |
| Priest Training | 2 | |
| Sorceress Training | 2 | |
| Swords | 3 | |
| Control Magic | 1 | |
| Storm Hammers | 1 | |
| Cloud | 1 | |
| Animal War Training | 1 | |
26 total
» buildings
| Altar of Kings | 1 | |
| Farm | 10 | |
| Barracks | 1 | |
| Arcane Vault | 1 | |
| Blacksmith | 1 | |
| Lumber Mill | 3 | |
| Keep | 2 | |
| Town Hall | 3 | |
| Scout Tower | 35 | |
| Arcane Tower | 4 | |
| Castle | 2 | |
| Guard Tower | 33 | |
| Arcane Sanctum | 2 | |
| Gryphon Aviary | 3 | |
101 total
» build order
00:52 Altar of Kings
01:02 Farm
01:05 Barracks
01:07 Farm
01:11 Farm
02:15 Arcane Vault
02:17 Farm
02:39 Blacksmith
03:04 Lumber Mill
03:45 Keep
03:45 Keep
04:24 Town Hall
04:32 Scout Tower
05:01 Arcane Tower
06:10 Farm
06:33 Castle
06:33 Castle
06:40 Scout Tower
06:41 Scout Tower
06:42 Scout Tower
06:46 Scout Tower
07:30 Scout Tower
07:32 Scout Tower
07:33 Scout Tower
09:13 Guard Tower
09:13 Guard Tower
09:54 Guard Tower
09:54 Guard Tower
09:56 Guard Tower
09:56 Guard Tower
09:56 Guard Tower
10:08 Guard Tower
10:08 Guard Tower
11:47 Arcane Sanctum
12:04 Arcane Sanctum
14:03 Farm
14:05 Farm
16:32 Scout Tower
16:33 Scout Tower
19:13 Farm
19:13 Farm
19:14 Farm
20:19 Guard Tower
20:20 Guard Tower
20:20 Guard Tower
20:22 Scout Tower
20:24 Scout Tower
20:56 Guard Tower
20:56 Guard Tower
20:56 Guard Tower
21:58 Scout Tower
21:59 Scout Tower
22:01 Scout Tower
23:13 Guard Tower
23:13 Guard Tower
23:13 Guard Tower
29:01 Town Hall
29:06 Lumber Mill
29:09 Lumber Mill
29:13 Scout Tower
29:20 Scout Tower
29:22 Scout Tower
29:24 Scout Tower
30:20 Guard Tower
30:20 Guard Tower
31:36 Guard Tower
31:36 Guard Tower
31:37 Guard Tower
32:32 Town Hall
32:49 Scout Tower
32:50 Scout Tower
32:51 Scout Tower
32:55 Scout Tower
32:57 Scout Tower
32:58 Scout Tower
36:24 Gryphon Aviary
36:24 Gryphon Aviary
36:26 Gryphon Aviary
36:29 Scout Tower
36:32 Scout Tower
36:36 Scout Tower
36:41 Arcane Tower
36:42 Arcane Tower
36:42 Guard Tower
36:42 Guard Tower
36:42 Guard Tower
36:57 Guard Tower
36:57 Guard Tower
37:44 Guard Tower
37:44 Guard Tower
37:44 Guard Tower
43:29 Scout Tower
43:30 Scout Tower
43:31 Scout Tower
44:18 Scout Tower
44:18 Scout Tower
44:19 Scout Tower
44:21 Scout Tower
44:53 Arcane Tower
44:54 Guard Tower
44:54 Guard Tower
» items
| Mechanical Critter | 7 | |
| Scroll of Regeneration | 11 | |
| Boots of Speed | 1 | |
| Potion of Lesser Invulnerability | 6 | |
| Periapt of Vitality | 1 | |
| Circlet of Nobility | 1 | |
| Scroll of Protection | 3 | |
| Scroll of Town Portal | 4 | |
| Staff of Sanctuary | 1 | |
| Orb of Fire | 1 | |
| Potion of Healing | 4 | |
| Staff of Teleportation | 1 | |
| Lesser Clarity Potion | 1 | |
| Scroll of Healing | 2 | |
44 total
SUIKODEN-3 (
blue | 54 APM | 3711 actions | 68:06)
9 Blademaster
3 Wind Walk
3 Critical Strike
1 Bladestorm
2 Mirror Image
5 Shadow Hunter
2 Hex
3 Healing Wave
» actions
| Assign group hotkey | 64 | |
| Basic commands | 30 | |
| Build / train | 88 | |
| Enter build submenu | 37 | |
| Enter hero's abilities submenu | 14 | |
| Give item / drop item | 4 | |
| Right click | 1861 | |
| Select / deselect | 468 | |
| Select group hotkey | 908 | |
| Use ability | 236 | |
3711 total
» units
| Peon | 17 | |
| Grunt | 3 | |
| Wind Rider | 9 | |
| Raider | 1 | |
| Kodo Beast | 5 | |
35 total
» upgrades
| Reinforced Defenses | 1 | |
| Ranged Weapons | 2 | |
| Armor | 2 | |
| Ensnare | 1 | |
| Melee Weapons | 1 | |
| Pillage | 1 | |
8 total
» buildings
| Altar of Storms | 1 | |
| Orc Burrow | 10 | |
| Barracks | 1 | |
| Voodoo Lounge | 1 | |
| Stronghold | 1 | |
| War Mill | 1 | |
| Great Hall | 2 | |
| Watch Tower | 26 | |
| Fortress | 2 | |
| Beastiary | 4 | |
49 total
» build order
00:07 Altar of Storms
00:18 Orc Burrow
00:39 Barracks
01:26 Orc Burrow
01:58 Voodoo Lounge
03:24 Stronghold
03:45 War Mill
04:19 Great Hall
05:01 Orc Burrow
05:54 Watch Tower
05:55 Watch Tower
06:50 Watch Tower
07:05 Fortress
07:05 Fortress
07:40 Beastiary
07:54 Watch Tower
08:00 Watch Tower
08:43 Beastiary
09:23 Watch Tower
10:59 Orc Burrow
11:03 Orc Burrow
11:51 Watch Tower
12:14 Watch Tower
12:18 Watch Tower
13:15 Watch Tower
13:24 Watch Tower
13:50 Orc Burrow
14:00 Watch Tower
17:02 Watch Tower
19:20 Watch Tower
19:21 Watch Tower
19:21 Watch Tower
19:22 Watch Tower
20:18 Beastiary
20:43 Beastiary
20:48 Watch Tower
26:46 Great Hall
26:48 Watch Tower
26:48 Watch Tower
26:49 Watch Tower
27:55 Watch Tower
27:56 Watch Tower
28:00 Watch Tower
29:08 Watch Tower
29:11 Watch Tower
61:46 Orc Burrow
61:47 Orc Burrow
61:48 Orc Burrow
61:48 Orc Burrow
» items
| Healing Salve | 5 | |
| Potion of Mana | 1 | |
| Scroll of Town Portal | 6 | |
| Boots of Speed | 1 | |
| Potion of Lesser Invulnerability | 2 | |
| Staff of Teleportation | 2 | |
| Orb of Lightning | 1 | |
| Lesser Clarity Potion | 1 | |
| Scroll of Regeneration | 1 | |
20 total
orcarmy (
pink | 23 APM | 715 actions | 30:44)
3 Mountain King
2 Thunder Clap
1 Storm Bolt
1 Archmage
1 Summon Water Elemental
» actions
| Basic commands | 5 | |
| Build / train | 82 | |
| Enter build submenu | 29 | |
| Enter hero's abilities submenu | 4 | |
| Remove unit from queue | 1 | |
| Right click | 256 | |
| Select / deselect | 274 | |
| Use ability | 63 | |
715 total
» units
| Peasant | 30 | |
| Footman | 1 | |
| Rifleman | 10 | |
| Mortar Team | 5 | |
| Knight | 2 | |
| Sorceress | 1 | |
49 total
» upgrades
| Masonry | 2 | |
| Gunpowder | 2 | |
| Armor | 2 | |
| Plating | 1 | |
| Lumber Harvesting | 1 | |
| Long Rifles | 1 | |
| Swords | 1 | |
10 total
» buildings
| Farm | 7 | |
| Lumber Mill | 2 | |
| Altar of Kings | 2 | |
| Barracks | 1 | |
| Scout Tower | 7 | |
| Arcane Tower | 1 | |
| Guard Tower | 6 | |
| Blacksmith | 1 | |
| Arcane Vault | 1 | |
| Keep | 1 | |
| Town Hall | 4 | |
| Workshop | 1 | |
| Castle | 1 | |
| Arcane Sanctum | 1 | |
36 total
» build order
00:11 Farm
00:17 Lumber Mill
00:48 Altar of Kings
01:23 Barracks
01:36 Farm
01:48 Scout Tower
01:52 Scout Tower
02:02 Farm
02:25 Arcane Tower
02:39 Guard Tower
02:48 Scout Tower
02:58 Scout Tower
03:07 Blacksmith
03:20 Scout Tower
03:23 Guard Tower
03:31 Guard Tower
04:13 Arcane Vault
04:17 Guard Tower
05:30 Scout Tower
05:55 Farm
06:02 Scout Tower
06:05 Guard Tower
06:19 Keep
06:37 Guard Tower
06:59 Farm
08:11 Town Hall
09:30 Lumber Mill
10:29 Workshop
11:46 Castle
11:52 Farm
14:34 Arcane Sanctum
15:33 Farm
19:17 Town Hall
21:42 Town Hall
21:47 Town Hall
26:34 Altar of Kings
» items
| Scroll of Regeneration | 3 | |
| Lesser Clarity Potion | 1 | |
| Scroll of Town Portal | 2 | |
| Potion of Healing | 1 | |
7 total
Chat log
(00:12 / Allies) l3gendarycoyot3: hello
(00:26 / Allies) DIVIDEETIMPERA: ave mi amice
(00:31 / Allies) l3gendarycoyot3: sure
(00:35 / Allies) SUIKODEN-3: me wyvern
(01:01 / Allies) SUIKODEN-3: get expos and defend them boys
(01:04 / Allies) orcarmy: end bases get towers
(01:06 / Allies) SUIKODEN-3: all 4 defend all alies
(02:33 / Allies) SUIKODEN-3: teal MH????
(02:47 / Allies) l3gendarycoyot3: huh?
(03:51 / All) SUIKODEN-3: wtb shredder on this map
(04:00 / All) DIVIDEETIMPERA: wtb marketplace rather than shitty merc camps
(04:04 / All) DIVIDEETIMPERA: market square and it has no market places
(04:07 / All) DIVIDEETIMPERA: what logic is that
(04:51 / Allies) orcarmy: get few towers red
(05:04 / Allies) SUIKODEN-3: wood plz
(08:10 / Allies) SUIKODEN-3: go middld
(08:13 / Allies) DIVIDEETIMPERA: lumber anyone?
(09:07 / Allies) SUIKODEN-3: go middle
(09:32 / Allies) SUIKODEN-3: wood
(09:58 / All) SUIKODEN-3: purple mh?
(12:07 / Allies) DIVIDEETIMPERA: lumber anyone?
(12:17 / Allies) DIVIDEETIMPERA: ty
(13:39 / Allies) l3gendarycoyot3: guys what are we doing
(13:44 / Allies) l3gendarycoyot3: we need to make some action here
(14:12 / Allies) SUIKODEN-3: wood
(15:52 / Allies) SUIKODEN-3: omw
(16:27 / Allies) DIVIDEETIMPERA: ty
(16:50 / Allies) orcarmy: i defend u blue
(16:52 / Allies) SUIKODEN-3: lets hit green main bae
(16:56 / Allies) orcarmy: but you didnt defend me
(17:07 / Allies) SUIKODEN-3: come
(17:25 / Allies) SUIKODEN-3: ggp
(18:15 / Allies) SUIKODEN-3: HALL
(18:33 / Allies) DIVIDEETIMPERA: tp now
(19:03 / Allies) SUIKODEN-3: heres tp
(19:04 / Allies) SUIKODEN-3: teal
(21:12 / Allies) SUIKODEN-3: wood
(21:13 / Allies) SUIKODEN-3: me
(21:18 / Allies) SUIKODEN-3: red take out his expo
(21:25 / Allies) orcarmy: b
(21:32 / Allies) orcarmy: need to all be together
(21:43 / Allies) SUIKODEN-3: stay red
(21:45 / Allies) DIVIDEETIMPERA: all group in mid
(22:14 / Allies) SUIKODEN-3: fight middle
(24:37 / All) DIVIDEETIMPERA: raped
(24:52 / Allies) DIVIDEETIMPERA: it's 1 hero noob
(25:35 / Allies) SUIKODEN-3: oj expo
(26:20 / Allies) SUIKODEN-3: opj expo
(26:36 / Allies) SUIKODEN-3: k ignore it then
(26:38 / Allies) SUIKODEN-3: dont know y
(27:09 / All) GinNJuice: pink needs to be sued for false advertising
(27:19 / Allies) orcarmy: can someone fuck this guy off please
(28:18 / Allies) l3gendarycoyot3: purple has no units all game
(28:26 / Allies) SUIKODEN-3: true
(28:27 / Allies) l3gendarycoyot3: just so you now he has just used his bm the entire game
(28:29 / Allies) SUIKODEN-3: what does that say about us
(28:34 / Allies) l3gendarycoyot3: and really destroyed us
(28:47 / All) SUIKODEN-3: purple definitely mhs?
(28:49 / Allies) l3gendarycoyot3: our units cant kill his towers
(28:52 / Allies) SUIKODEN-3: i dont know y u guys didnt attack orange expo
(29:32 / Allies) SUIKODEN-3: tp to me
(29:44 / Allies) SUIKODEN-3: teal to tp me
(29:51 / Allies) DIVIDEETIMPERA: where
(30:37 / All) DIVIDEETIMPERA: transmute woot
(30:47 / Allies) SUIKODEN-3: transmute that abom!
(30:50 / Allies) DIVIDEETIMPERA: on cd
(31:35 / Allies) SUIKODEN-3: let oj live for now i say
(31:38 / Allies) SUIKODEN-3: dont kill his expo
(31:44 / Allies) DIVIDEETIMPERA: k
(32:00 / All) SUIKODEN-3: lol
(32:02 / All) SUIKODEN-3: damn that bm
(32:15 / Allies) l3gendarycoyot3: what do i do to that...
(32:23 / All) SUIKODEN-3: red just said
(32:29 / All) SUIKODEN-3: "what do i do vs that"
(32:37 / All) DIVIDEETIMPERA: a fair question
(32:45 / All) GinNJuice: well you can run
(32:47 / All) DIVIDEETIMPERA: what do you do when an orc better than you is raping you
(32:50 / Allies) SUIKODEN-3: mass tp to me teal?
(32:50 / All) l3gendarycoyot3: not fast enough...
(33:10 / All) SUIKODEN-3: gg oj base
(33:11 / All) GinNJuice: but you can't hide
(33:11 / Allies) l3gendarycoyot3: gg
(33:16 / All) SUIKODEN-3: oh shit he got an army
(33:45 / Allies) l3gendarycoyot3: dude divide
(33:47 / Allies) l3gendarycoyot3: mass air and you win
(33:53 / Allies) l3gendarycoyot3: why arent you spending that 5700 gold man
(33:56 / All) SUIKODEN-3: heal me alchemist
(34:02 / All) SUIKODEN-3: i got 15k gold red lawl
(34:03 / Allies) l3gendarycoyot3: dude get air
(34:16 / Allies) l3gendarycoyot3: why the fuck arent yall spending your gold making units
(34:18 / Allies) l3gendarycoyot3: hello....
(34:21 / Allies) DIVIDEETIMPERA: hi
(34:29 / All) SUIKODEN-3: we need to kill purp bm
(34:32 / All) SUIKODEN-3: hes a thorn in our sides
(34:34 / Allies) DIVIDEETIMPERA: i'm making units
(34:36 / Allies) DIVIDEETIMPERA: been at 80 food all game
(34:38 / Allies) DIVIDEETIMPERA: what are you at
(34:41 / Allies) l3gendarycoyot3: blue isnt making anything
(34:44 / All) SUIKODEN-3: make hero red
(34:50 / Allies) DIVIDEETIMPERA: he's doing good without having much
(34:52 / Allies) l3gendarycoyot3: make units you guys
(34:57 / Allies) DIVIDEETIMPERA: am
(34:59 / Allies) DIVIDEETIMPERA: stfu
(35:01 / Allies) SUIKODEN-3: ?
(35:01 / All) GinNJuice: To speak threatening words is to forfeit your own life!
(35:05 / All) SUIKODEN-3: red revive ur tavern hero here
(35:08 / Allies) l3gendarycoyot3: make air
(35:09 / Allies) l3gendarycoyot3: and you win
(35:13 / Allies) DIVIDEETIMPERA: don't tell me what to do
(35:16 / Allies) DIVIDEETIMPERA: you're not the boss of me
(35:20 / Allies) l3gendarycoyot3: lmao
(35:23 / Allies) l3gendarycoyot3: do you want to win>
(35:24 / All) SUIKODEN-3: revuve ur hero red
(35:30 / Allies) DIVIDEETIMPERA: I want to have fun and I'm doing that
(35:40 / Allies) l3gendarycoyot3: ahh alright
(35:45 / All) SUIKODEN-3: come red lets kill bm
(35:58 / All) DIVIDEETIMPERA: 7/7/7 heroes
(35:59 / All) DIVIDEETIMPERA: woot
(36:04 / Allies) l3gendarycoyot3: have fun with all those towers and your casters..
(36:11 / All) SUIKODEN-3: dude we got this
(36:13 / All) SUIKODEN-3: he sucks
(36:14 / Allies) l3gendarycoyot3: air has cloud to get rid of towers
(36:17 / All) SUIKODEN-3: hes only one man
(36:19 / All) SUIKODEN-3: we got 3 armies
(36:53 / All) SUIKODEN-3: bolt him dude
(37:05 / Allies) l3gendarycoyot3: good luck telling which one is him
(37:29 / All) DIVIDEETIMPERA: I love alchemist
(37:33 / All) DIVIDEETIMPERA: should've started getting it more ages ago
(37:37 / All) DIVIDEETIMPERA: didn't realise how good it was
(37:48 / All) GinNJuice: it's healing wave sucks but they fixing it in next patch
(37:50 / Allies) DIVIDEETIMPERA: buffed you red
(37:53 / All) GinNJuice: no reason it should heal enemies anyway
(38:00 / Allies) DIVIDEETIMPERA: go attack now
(38:44 / Allies) l3gendarycoyot3: we cant kill those towers with this army
(38:46 / Allies) l3gendarycoyot3: need siege
(38:47 / All) DIVIDEETIMPERA: swear sometimes commands don't register right
(38:53 / All) DIVIDEETIMPERA: and it only happens since one of the most recent patches
(38:58 / All) GinNJuice: they don't
(39:00 / All) DIVIDEETIMPERA: was ctrl1 right clicking nonstop
(39:04 / All) GinNJuice: it's been like that forever
(39:05 / All) DIVIDEETIMPERA: yet my hero didn't go back
(39:17 / All) DIVIDEETIMPERA: gay
(39:22 / All) DIVIDEETIMPERA: why do they release new patches and not fix shit like that
(39:25 / All) DIVIDEETIMPERA: instead they just make more bugs
(39:56 / All) SUIKODEN-3: run to kdoo beats
(40:24 / All) DIVIDEETIMPERA: go away red
(40:27 / All) DIVIDEETIMPERA: stop trying to lure the enemy to me
(40:30 / All) DIVIDEETIMPERA: I'm not your babysitter
(40:30 / All) SUIKODEN-3: bolt him red
(40:32 / All) SUIKODEN-3: wtf
(40:35 / Allies) l3gendarycoyot3: yo
(40:38 / Allies) l3gendarycoyot3: attack you faggots
(40:40 / Allies) l3gendarycoyot3: jesus christ
(40:42 / Allies) l3gendarycoyot3: what are you doing teal
(40:44 / All) SUIKODEN-3: i am
(40:47 / Allies) DIVIDEETIMPERA: you're not the boss of me you big jerk
(40:48 / Allies) l3gendarycoyot3: running away from a hero like a pussy ass bitch
(40:51 / Allies) DIVIDEETIMPERA: I don't do whatever you tell me to
(40:52 / All) SUIKODEN-3: wich mirror is right one
(40:54 / Allies) l3gendarycoyot3: youre horrible at this game
(41:00 / All) GinNJuice: I will show thee
(41:02 / Allies) DIVIDEETIMPERA: I'm better than you, what do you have to show for yourself pal?
(41:07 / Allies) DIVIDEETIMPERA: I have 80 food army, level 7 trihero
(41:10 / Allies) DIVIDEETIMPERA: what do you have?
(41:11 / All) GinNJuice: THIS ONE!
(41:22 / All) DIVIDEETIMPERA: Red is rude
(41:23 / All) DIVIDEETIMPERA: bm player
(41:30 / All) DIVIDEETIMPERA: he needs to manner up
(41:47 / All) SUIKODEN-3: revive ur mk red
(41:49 / All) SUIKODEN-3: i need bolt
(42:42 / All) SUIKODEN-3: that bm godly
(42:57 / Allies) l3gendarycoyot3: how long are you planning on sitting around doing nothing team
(43:04 / Allies) DIVIDEETIMPERA: as long as I want
(43:06 / Allies) SUIKODEN-3: uh we're fighting htem right now
(43:11 / Allies) l3gendarycoyot3: kodos are terrible by the way
(43:16 / Allies) SUIKODEN-3: i meant to get them for towers
(43:23 / Allies) l3gendarycoyot3: they are terrible for towers
(43:24 / Allies) l3gendarycoyot3: lmao
(43:29 / Allies) SUIKODEN-3: i mean with inner fire
(43:32 / Allies) SUIKODEN-3: and preists backing me
(43:44 / Allies) l3gendarycoyot3: you need tauren or catapults
(44:18 / All) SUIKODEN-3: look dude we killed oj see
(44:57 / All) l3gendarycoyot3: |this is so painful to watch these kids just sit around and do nothing
(45:03 / All) SUIKODEN-3: gonna send my kodos to protect ur MK
(45:05 / All) SUIKODEN-3: it SHOULD work
(45:10 / All) GinNJuice: they could do like you and get their asses kicked repeatedly
(45:30 / All) l3gendarycoyot3: not my fault they didnt do anything to help all game
(45:38 / Allies) l3gendarycoyot3: besides sit there and make shit units that cant live to a tower
(45:41 / All) SUIKODEN-3: uh we killed green and yellows base and armies
(45:43 / All) DIVIDEETIMPERA: you didn't help us much either
(45:44 / All) GinNJuice: You need help vs 1 hero?
(45:46 / All) DIVIDEETIMPERA: you're dead weight
(45:51 / All) DIVIDEETIMPERA: and now you're making it all about yourself
(45:53 / All) l3gendarycoyot3: lmao
(45:54 / All) DIVIDEETIMPERA: trying to tell us what to do
(45:56 / All) DIVIDEETIMPERA: how selfish are you red?
(46:03 / All) DIVIDEETIMPERA: you totally lack self awareness, you're a big huge rude jerk
(46:04 / All) l3gendarycoyot3: did i hit you in the feels
(46:09 / All) l3gendarycoyot3: lmao
(46:11 / All) DIVIDEETIMPERA: just telling you how it is
(46:13 / All) SUIKODEN-3: we're safe at fountain
(46:15 / All) l3gendarycoyot3: do you need an ambulance
(46:16 / All) SUIKODEN-3: BM cant kill us now
(46:17 / All) DIVIDEETIMPERA: I think you're the one hurt in the feels
(46:21 / All) DIVIDEETIMPERA: you're angry we won't do what you want
(46:26 / All) DIVIDEETIMPERA: so you're here with the WAHHHHHmbulance
(47:10 / Allies) DIVIDEETIMPERA: scrub red
(47:11 / All) l3gendarycoyot3: lol
(47:14 / Allies) DIVIDEETIMPERA: can't even keep a hero
(47:19 / Allies) l3gendarycoyot3: tell me what i can do..
(47:21 / Allies) l3gendarycoyot3: please
(47:22 / All) SUIKODEN-3: just
(47:24 / Allies) SUIKODEN-3: get an expo
(47:25 / Allies) DIVIDEETIMPERA: you can learn to play
(47:29 / Allies) DIVIDEETIMPERA: so you don't lose your hero left and right
(47:30 / Allies) DIVIDEETIMPERA: for one
(47:32 / Allies) l3gendarycoyot3: tell me again how you can stop that
(47:34 / Allies) SUIKODEN-3: he has to be out of gold
(47:36 / Allies) l3gendarycoyot3: lmao
(47:37 / Allies) DIVIDEETIMPERA: I'm not having issue with it
(47:39 / Allies) DIVIDEETIMPERA: skill helps
(47:42 / Allies) SUIKODEN-3: get an expo and get more knights or sorcs
(47:43 / Allies) DIVIDEETIMPERA: you try beating the campaign red?
(47:44 / Allies) l3gendarycoyot3: if he would attack yall he would do the same thing
(47:47 / Allies) l3gendarycoyot3: so you can shut the fuck up
(47:48 / Allies) DIVIDEETIMPERA: how long you been playing noob?
(47:52 / Allies) DIVIDEETIMPERA: No he wouldn't
(47:56 / Allies) SUIKODEN-3: dude pruple sucks
(47:57 / Allies) l3gendarycoyot3: since i was 12
(47:57 / Allies) DIVIDEETIMPERA: I use bolt so bm doesn't kill me
(48:00 / Allies) DIVIDEETIMPERA: and I slow it with sorcs
(48:03 / Allies) DIVIDEETIMPERA: and have an alchemist
(48:06 / Allies) DIVIDEETIMPERA: wow and how old are you now?
(48:07 / Allies) l3gendarycoyot3: good luck finding him to bolt
(48:10 / Allies) DIVIDEETIMPERA: playing that long but you still suck at it?
(48:11 / Allies) l3gendarycoyot3: out of the 4 images every time
(48:20 / Allies) DIVIDEETIMPERA: The one taht does damage is the real one newb
(48:22 / Allies) l3gendarycoyot3: lmao look me up
(48:24 / All) SUIKODEN-3: finding mikrror image is easy, they never crit
(48:26 / Allies) l3gendarycoyot3: youll bite your tongue
(48:31 / Allies) DIVIDEETIMPERA: 210-212
(48:33 / Allies) SUIKODEN-3: who are u?
(48:34 / Allies) DIVIDEETIMPERA: and 0-4 solo
(48:36 / Allies) DIVIDEETIMPERA: I'm impressed
(48:40 / Allies) l3gendarycoyot3: thanks
(48:42 / Allies) DIVIDEETIMPERA: I looked your stats up, you suck
(48:46 / Allies) l3gendarycoyot3: yeah so do you
(48:48 / Allies) l3gendarycoyot3: lmao
(48:55 / Allies) DIVIDEETIMPERA: playing since you were 12 and you can't deal with 1 bm or get over 50% record
(49:01 / Allies) l3gendarycoyot3: gunna sit at your base and do nothing more?
(49:04 / Allies) DIVIDEETIMPERA: I'm doing just fine thank you
(49:04 / Allies) l3gendarycoyot3: tell me how thats good
(49:09 / Allies) DIVIDEETIMPERA: enjoying a hot cuppa actually
(49:14 / Allies) DIVIDEETIMPERA: having some sick coffee while I laugh at you
(49:21 / Allies) SUIKODEN-3: ok teal
(49:22 / Allies) l3gendarycoyot3: lmao go for it
(49:23 / Allies) SUIKODEN-3: lets attack oj now
(49:31 / Allies) l3gendarycoyot3: youre wasting your own time just as much as mine
(49:47 / All) SUIKODEN-3: revive ur mk red
(49:49 / Allies) l3gendarycoyot3: must not be very successful in life if you dont know how to get things done in a timely manner
(49:50 / All) SUIKODEN-3: we'll kill oj
(49:53 / Allies) l3gendarycoyot3: no thanks
(50:07 / All) SUIKODEN-3: dude look ojs base is dying
(50:18 / Allies) l3gendarycoyot3: yeah and so are all your units
(50:23 / Allies) l3gendarycoyot3: lmao
(50:30 / Allies) l3gendarycoyot3: here come the tauren to smash all you guys
(50:38 / Allies) DIVIDEETIMPERA: I have 14k and 2k wood to rebuild them
(50:41 / Allies) DIVIDEETIMPERA: I can afford to have fun
(50:44 / All) l3gendarycoyot3: |lol nice units team cant even kill a tower
(50:53 / All) DIVIDEETIMPERA: I killed quite a few towers there actually
(51:02 / All) l3gendarycoyot3: they also killed you
(51:08 / All) DIVIDEETIMPERA: Not really
(51:12 / All) DIVIDEETIMPERA: and I have tons of gold to rebuild
(51:15 / All) DIVIDEETIMPERA: only lost a few casters
(51:18 / All) SUIKODEN-3: i ate all his kodos
(51:22 / All) DIVIDEETIMPERA: The trade was in my favour
(51:31 / All) l3gendarycoyot3: not sure about that at all
(51:59 / Allies) DIVIDEETIMPERA: I got polymorph for tauren
(52:03 / Allies) DIVIDEETIMPERA: a spell above your level of play
(52:29 / All) SUIKODEN-3: red revive ur MK we need ya wtf
(53:10 / All) GinNJuice: flee coward
(53:26 / All) SUIKODEN-3: actually im tping kodos out, htey have some tauren in tehir tummies
(53:56 / All) SUIKODEN-3: look my bm is stucklawl
(54:06 / Allies) l3gendarycoyot3: lol
(54:39 / All) SUIKODEN-3: do u guy sthink the robin hood movie with kevin costner is good
(54:50 / All) GinNJuice: never really watched it
(55:07 / All) SUIKODEN-3: or the one wiht russel crowe
(55:33 / All) GinNJuice: Daisho is no match for Moogul the Sly
(55:40 / All) SUIKODEN-3: sure ain't
(56:42 / All) SUIKODEN-3: red revive ur mk come on man
(56:48 / All) SUIKODEN-3: we need u for ojs base
(58:01 / All) GinNJuice: k standoff
(58:19 / All) DIVIDEETIMPERA: me blue and purp are in this together we are going to kill everything including our own units
(58:21 / All) DIVIDEETIMPERA: and leave nothing left
(58:27 / All) DIVIDEETIMPERA: so you can leave your pcs all night for the win
(58:29 / All) DIVIDEETIMPERA: sound fair?
(59:03 / All) GinNJuice: The only units I got all game were my 4 grunts
(59:08 / All) GinNJuice: TT
(59:09 / All) DIVIDEETIMPERA: Guess red isn't up for standoff
(59:12 / All) DIVIDEETIMPERA: Bad luck oj
(59:13 / All) GinNJuice: He just ruined our fun
(59:13 / All) SUIKODEN-3: red said that repeatadly
(59:51 / All) SUIKODEN-3: gonna win this fight
(59:51 / All) SUIKODEN-3: me
(60:00 / All) GinNJuice: wasn'tw atching
(60:09 / All) DIVIDEETIMPERA: Your team lose
(60:10 / All) DIVIDEETIMPERA: oj is here
(60:39 / All) SUIKODEN-3: my bm vs teals alchemist
(61:05 / All) SUIKODEN-3: come teal
(61:14 / All) SUIKODEN-3: oooo
(62:12 / All) SUIKODEN-3: i wonder if oj knows english
(62:17 / All) GinNJuice: Which do you like better Jacob
(62:25 / All) GinNJuice: Kingdom of Heaven director's cut or Flesh+Blood?
(62:31 / All) SUIKODEN-3: flesh blood
(62:35 / All) SUIKODEN-3: watched it a few weeks ago
(62:38 / All) GinNJuice: have you seen the director's cut
(62:45 / All) SUIKODEN-3: of kingdom? no
(62:52 / All) GinNJuice: Watch it
(63:01 / All) DIVIDEETIMPERA: 9/9/9 heroes
(63:03 / All) SUIKODEN-3: i remember its something about a blacksmith
(63:09 / All) DIVIDEETIMPERA: and in a game I actually used them for once
(63:10 / All) GinNJuice: Just orange burrow left andm e hall
(63:15 / All) GinNJuice: I'd be level 30 by now
(63:31 / All) SUIKODEN-3: reds chat was awesome for u cuz he didnt know how to handle u
(63:43 / All) DIVIDEETIMPERA: HE SAID HE BEEN PLAYING SINCE HE WAS 12 LOL!!!!!
(63:46 / All) GinNJuice: Moogul the Sly cannot be defeated
(63:47 / All) DIVIDEETIMPERA: and can't handle bm ages later
(64:07 / All) GinNJuice: Ooh I shouldn't have ww and I could have tallied another hero kill!
(64:33 / All) SUIKODEN-3: oj still has his hero lawl
(65:21 / All) SUIKODEN-3: lucky ass
(65:35 / All) SUIKODEN-3: one bolt would kill em
(65:44 / All) DIVIDEETIMPERA: Alchemist is sort of a fucked up hero
(65:47 / All) GinNJuice: Taur Runetotem ought not die to the likes of you, knave
(65:50 / All) DIVIDEETIMPERA: goblin that rides an ogre slave around and drugs it
(66:27 / All) GinNJuice: Orange just has tauren building left
(66:42 / All) SUIKODEN-3: die runetotem
(67:23 / All) GinNJuice: lol
(67:39 / All) DIVIDEETIMPERA: lol
(67:39 / All) GinNJuice: lol
(67:43 / All) GinNJuice: It was svaed just in time too
(67:47 / All) GinNJuice: stats?
(67:48 / All) DIVIDEETIMPERA: our team below 50% and yours 3 legit
(68:01 / All) GinNJuice: K
(68:02 / All) SUIKODEN-3: yellow killed my SH too